 Dungeon Crawl Stone Soup version 0.28-a0-1520-gc3277d3759 (webtiles) character file.

Game seed: 11744875972623635205

141 tilp the Chiller (level 5, 0/21 HPs)
             Began as a Felid Ice Elementalist on Jan 18, 2022.
             Slain by Duvessa (3 damage)
             ... on level 4 of the Dungeon.
             The game lasted 00:06:11 (4430 turns).

tilp the Chiller (Felid Ice Elementalist)           Turns: 4430, Time: 00:06:11

Health: 0/21       AC:  8    Str:  4    XL:     5   Next: 3%
Magic:  1/10       EV: 17    Int: 19    God:
Gold:   322        SH:  0    Dex: 16    Spells: 3/10 levels left
                                        Lives:  0   Deaths: 1

rFire   + . .      SeeInvis +   (weapon unavailable)
rCold   . . .      Faith    .   (shield unavailable)
rNeg    . . .      Spirit   .   (armour unavailable)
rPois   .          Reflect  .   (helmet unavailable)
rElec   .          Harm     .   (cloak unavailable)
rCorr   .          Rampage  .   (gloves unavailable)
Will    .....                   (boots unavailable)
Stlth   ++........              (no amulet)
HPRegen 0.07/turn               k - ring of protection from fire
MPRegen 0.12/turn               (no ring)

@: ice-armoured, freezing walls, quick
A: very small, claws 1, fangs 3, see invisible, speed 1, shaggy fur 1, stealthy
paws, no weapons or thrown items, no armour, multi-lived
a: no special abilities


You were on level 4 of the Dungeon.
You visited 1 branch of the dungeon, and saw 4 of its levels.

You collected 322 gold pieces.

Inventory:

Jewellery
 k - a ring of protection from fire (left paw)
Scrolls
 d - a scroll of silence
 h - 2 scrolls of teleportation
Potions
 a - a potion of cancellation {unknown}
 b - 2 potions of flight
 e - a potion of attraction {unknown}
 g - a potion of brilliance {unknown}
 i - a potion of heal wounds {unknown}


   Skills:
 + Level 0.3 Fighting
 + Level 2.8 Dodging
 + Level 3.0 Stealth
 + Level 0.3 Unarmed Combat
 - Level 3.0 Spellcasting
 - Level 6.0 Ice Magic


You had 3 spell levels left.
You knew the following spells:

 Your Spells              Type           Power      Damage    Failure   Level
a - Freeze                Ice            100%       1d11      1%          1
b - Frozen Ramparts       Ice            50%        1d7       3%          3
c - Ozocubu's Armour      Ice            25%        N/A       3%          3

Your spell library contained the following spells:

 Spells                   Type           Power      Damage    Failure   Level
 Hailstorm                Conj/Ice       14%        3d5       41%         4


Dungeon Overview and Level Annotations

Branches:
Dungeon (4/15)
 Temple: D:4-7

Altars:

Annotations:
D:4 Dowan, Duvessa


Innate Abilities, Weirdness & Mutations

You have sharp claws.
You have razor-sharp teeth.
You have supernaturally acute eyesight. (SInv)
You cover ground quickly. (Speed+)
You are covered in fur. (AC +1)
Your paws help you pounce on unaware monsters.
You are incapable of wielding weapons or throwing items.
You cannot wear armour.
You gain extra lives every three experience levels.


Message History

Duvessa hits you with a +0 short sword!
* * * LOW HITPOINT WARNING * * *
Duvessa resists.
The wall freezes Duvessa.
Duvessa hits you with a +0 short sword.
* * * LOW HITPOINT WARNING * * *
Unknown command.
Unknown command.
Casting: Ozocubu's Armour (quite dangerous; 3% risk of failure)
Confirm with . or Enter, or press ? or * to list all spells.
Aiming: Freeze (safe; 1% risk of failure)
Press: ? - help, Shift-Dir - straight line, f - Duvessa
Aim: Duvessa, wielding a +0 short sword and wearing a +2 ring mail of cold resistance (lightly wounded, fast)
You freeze Duvessa.
Duvessa resists.
Duvessa is moderately wounded.
Duvessa resists.
The wall freezes Duvessa.
Duvessa barely misses you.
Unknown command.
You feel better.
Duvessa resists.
The wall freezes Duvessa.
Duvessa hits you with a +0 short sword!
* * * LOW HITPOINT WARNING * * *
Duvessa resists.
The wall freezes Duvessa.
Duvessa barely misses you.
Unknown command.
Casting: Freeze (safe; 1% risk of failure)
Confirm with . or Enter, or press ? or * to list all spells.
Aiming: Freeze (safe; 1% risk of failure)
Press: ? - help, Shift-Dir - straight line, f/p - Duvessa
Aim: Duvessa, wielding a +0 short sword and wearing a +2 ring mail of cold resistance (moderately wounded, fast)
You freeze Duvessa.
Duvessa resists.
Duvessa is heavily wounded.
Duvessa resists.
The wall freezes Duvessa.
Duvessa closely misses you.
Unknown command.
Casting: Freeze (safe; 1% risk of failure)
Confirm with . or Enter, or press ? or * to list all spells.
Aiming: Freeze (safe; 1% risk of failure)
Press: ? - help, Shift-Dir - straight line, f/p - Duvessa
Aim: Duvessa, wielding a +0 short sword and wearing a +2 ring mail of cold resistance (heavily wounded, fast)
You freeze Duvessa.
Duvessa resists.
Duvessa is severely wounded.
Duvessa resists.
The wall freezes Duvessa.
Duvessa hits you with a +0 short sword.
You die...

#.......##+###
#..... #.......#
#..... #.....e.#
#..... #.......#
... #.....
#.......#...
#.....
#.......#..
#.....
#.......#.#
#.....
#....e###.######
#.....
#.....#@........
#.....
#.....e..........
#.....
#.....#..........
#.)...
#.....#...###....
#.....
#######...###....
##+##.
#........... #.
#........... #.
#........... #)
####'###...
######)


You could see Duvessa (fast).

Vanquished Creatures
  3 orc priests
  Terence (D:3)
  An iguana (D:4)
  3 adders
  2 worms
  2 dart slugs
  6 orcs
  4 ball pythons
  5 endoplasms
  A giant cockroach (D:1)
  8 goblins
  7 hobgoblins
  4 quokkas
  6 bats
  4 frilled lizards
  15 kobolds
  4 rats
  A toadstool (D:2)
77 creatures vanquished.

Vanquished Creatures (others)
  5 toadstools (D:2)
5 creatures vanquished.

Grand Total: 82 creatures vanquished

Notes
Turn   | Place    | Note
-------+----------+-------------------------------------------
     0 | D:1      | tilp the Felid Ice Elementalist began the quest for the
                  | Orb.
     0 | D:1      | Reached XP level 1. HP: 7/7 MP: 4/4
   473 | D:1      | Found a faded altar of an unknown god.
   635 | D:1      | Reached XP level 2. HP: 10/11 MP: 4/6
   723 | D:1      | Reached skill level 4 in Ice Magic
  2028 | D:2      | Reached XP level 3. HP: 12/14 MP: 5/7
  2032 | D:2      | Learned a level 3 spell: Frozen Ramparts
  2152 | D:2      | Learned a level 3 spell: Ozocubu's Armour
  2529 | D:2      | Reached XP level 4. HP: 17/18 MP: 7/9
  3396 | D:3      | Noticed Terence
  3402 | D:3      | Reached skill level 5 in Ice Magic
  3404 | D:3      | Killed Terence
  3405 | D:3      | Reached XP level 5. HP: 21/21 MP: 3/10
  4281 | D:4      | Noticed an ice beast
  4290 | D:4      | Reached skill level 6 in Ice Magic
  4328 | D:4      | Noticed Duvessa
  4328 | D:4      | Noticed Dowan
  4328 | D:4      | Killed from afar by Dowan
  4329 | D:4      | Reached XP level 4. HP: 0/18 MP: 8/9
  4338 | D:4      | Reached XP level 5. HP: 21/21 MP: 8/10
  4426 | D:4      | HP: 1/21 [Duvessa (5)]
  4430 | D:4      | Slain by Duvessa

Illustrated notes

Levels and vault maps discovered:
D:1:      co_arrival_random_square_maze, layout_basic, basic_ecumenical_altar,
          minmay_pentomino_x4
D:2:      minmay_thinvault, layout_loops_ring, minmay_gold_behind_fungi,
          minmay_indecisive_spiral
D:3:      layout_basic, uniq_terence
D:4:      layout_gridville, grunt_temple_overflow_open, portal_sewer_entry_b,
          uniq_duvessa

Skill      XL: |  1  2  3  4  5 |
---------------+----------------+-----
Ice Magic      | 4 5 6 |  6.0
Spellcasting   | 3 |  3.0
Stealth        | 3 |  3.0
Fighting       | |  0.3
Dodging        | |  2.8
Unarmed Combat | |  0.3

Action                   |  1- 3 |  4- 6 || total
-------------------------+-------+-------++-------
Melee: Unarmed           |    39 |    24 ||    63
       Bite              |     4 |     5 ||     9
 Cast: Freeze            |    36 |    21 ||    57
       Frozen Ramparts   |     6 |    11 ||    17
       Ozocubu's Armour  |     1 |     5 ||     6
  Use: Scroll            |     5 |     2 ||     7
       Potion            |       |     4 ||     4
 Stab: Sleeping          |     8 |     4 ||    12
Armor: Skin              |     2 |     2 ||     4
Dodge: Dodged            |    56 |    23 ||    79

Table legend: (Time is in decaauts)
 A = Elapsed time spent in this place.
 B = Non-inter-level travel time spent in this place.
 C = Inter-level travel time spent in this place.
 D = Time resting spent in this place.
 E = Time spent auto-exploring this place.
 F = Levels seen in this place.
 G = Mean time per level.
                   A        B        C        D        E       F      G
               +--------+--------+--------+--------+--------+-----+--------+
         Total |   3969 |   3917 |     52 |   1015 |   2296 |   4 |  992.2 |
       Dungeon |   3969 |   3917 |     52 |   1015 |   2296 |   4 |  992.2 |
               +--------+--------+--------+--------+--------+-----+--------+

Top non-repeatable levels by time:
     D:1: 1577 daAuts
     D:2: 1468 daAuts
     D:3: 758 daAuts
     D:4: 164 daAuts
